 Dungeon Crawl Stone Soup version 0.31-a0-175-g9f7f995f2b (webtiles) character file.

Game seed: 14970290019766978894

60 qw the Shooter (level 4, -1/39 HPs)
             Began as a Naga Hunter on June 16, 2023.
             Slain by a gnoll
             ... wielding a +0 club
              (6 damage)
             ... on level 3 of the Dungeon.
             The game lasted 00:00:31 (1319 turns).

qw the Shooter (Naga Hunter)                        Turns: 1319, Time: 00:00:32

Health: -1/39      AC:  3    Str: 13    XL:     4   Next: 6%
Magic:  4/4        EV:  9    Int:  8    God:
Gold:   76         SH:  0    Dex: 16    Spells: 3/3 levels left

rFire   . . .        Y - +0 shortbow
rCold   . . .        (shield currently unavailable)
rNeg    . . .        c - +0 leather armour
rPois   +            (helmet restricted)
rElec   .            (no cloak)
rCorr   .            b - +0 pair of gloves
SInv    +            (no barding)
Will    .....        (no amulet)
Stlth   ++           (no ring)
HPRegen 0.26/turn    (no ring)
MPRegen 0.09/turn

%: no passive effects
@: about to teleport, very slow
A: AC +1, large, see invisible, deformed body, poison resistance, slowness 2,
spit poison 1, naga tail 1, horns 1, dopey 1
a: Spit Poison


You were on level 3 of the Dungeon.
You visited 1 branch of the dungeon, and saw 3 of its levels.

You collected 76 gold pieces.


Innate Abilities, Weirdness & Mutations

Your serpentine skin is tough. (AC +1)
You have supernaturally acute eyesight. (SInv)
Armour fits poorly on your strangely shaped body.
Your system is resistant to poisons. (rPois)
You cover ground very slowly.
You can spit poison.
You have a snake-like lower body.
You have a pair of small horns on your head.
You are dopey. (Int -2)


   Skills:
 + Level 2.0 Fighting
 - Level 5.0 Ranged Weapons
 - Level 1.5 Dodging
 - Level 1.5 Stealth


You had 3 spell levels left.
You didn't know any spells.
Your spell library was empty.

Inventory:

Hand Weapons
 Y - a +0 shortbow (weapon)
Armour
 b - a +0 pair of gloves (worn)
 c - a +0 leather armour (worn)
Jewellery
 j - a +6 ring of strength
Scrolls
 a - a scroll of teleportation
 g - a scroll of identify
Potions
 d - a potion of resistance
 e - a potion of heal wounds
 f - a potion of might {unknown}
 h - a potion of cancellation {unknown}
 i - a potion of mutation

Dungeon Overview and Level Annotations

Branches:
Dungeon (3/15)

Altars:


Message History

Aiming: Spit Poison (1% risk of failure)
Press: ? - help, Shift-Dir - straight line, f/p - gnoll The splash of poison misses the gnoll.
The gnoll hits you but does no damage.
A rat comes into view.
You shoot an arrow. The arrow closely misses the gnoll.
The arrow barely misses the gnoll.
The gnoll closely misses you.
The gnoll hits you from afar with a +0 spear.
You shoot an arrow.
The arrow hits the gnoll but does no damage.
You have got your breath back.
The gnoll closely misses you.
1314 ||| INVOKING Spit Poison.
Aiming: Spit Poison (1% risk of failure)
Press: ? - help, Shift-Dir - straight line, f/p - gnoll The splash of poison misses the gnoll.
The gnoll hits you from afar with a +0 spear.
The gnoll closely misses you.
You shoot an arrow. The arrow closely misses the gnoll.
The gnoll closely misses you. The gnoll barely misses you.
You shoot an arrow. The arrow hits the gnoll!
The gnoll is heavily wounded.
The gnoll closely misses you. x2
The gnoll hits you from afar with a +0 spear!
You shoot an arrow. The arrow barely misses the gnoll.
The gnoll hits you from afar with a +0 spear.
The gnoll hits you but does no damage. The gnoll completely misses you.
The gnoll hits you with a +0 club.
The gnoll hits you from afar with a +0 spear!
You shoot an arrow. The arrow hits the gnoll.
The gnoll is severely wounded.
You have got your breath back.
The gnoll hits you with a +0 club. The gnoll closely misses you.
The rat bites you but does no damage. The gnoll hits you with a +0 club.
1319 ||| READING 2 scrolls of teleportation.
As you read the scroll of teleportation, it crumbles to dust.
You feel strangely unstable. The gnoll hits you with a +0 club.
You die...

#######.####.#..#.###.##
####.........#.....#
#............#######
#.......#..).#
#.......#....#
#.....<.....##
####........ #.........
#g@#...... #...rg#......
###g.$#......
.....#...... .##.#.#
..... .. ..#.# ###. .
.!.#.# ....#.#


You could see 3 gnolls and a rat.

Vanquished Creatures
  A gnoll (D:3)
  3 dart slugs (D:1)
  An orc (D:2)
  2 endoplasms (D:1)
  5 goblins
  5 hobgoblins
  5 quokkas
  3 ball pythons
  A bat (D:1)
  12 frilled lizards
  4 kobolds
  3 rats
45 creatures vanquished.

Notes
Turn   | Place    | Note
-------+----------+-------------------------------------------
     0 | D:1      | qw the Naga Hunter began the quest for the Orb.
     0 | D:1      | Reached XP level 1. HP: 19/19 MP: 1/1
     0 | D:1      | 0 ||| qw: Version: 0.2-a-29-g511e9b1
     0 | D:1      | 0 ||| qw: Game counter: 47
     0 | D:1      | 0 ||| qw: Always use a shield: true
     0 | D:1      | 0 ||| qw: God list: Okawaru
     0 | D:1      | 0 ||| qw: Allow faded altars: false
     0 | D:1      | 0 ||| qw: Do Orc after D:15 true
     0 | D:1      | 0 ||| qw: Do second Lair branch before Depths: true
     0 | D:1      | 0 ||| qw: Lair rune preference: random
     0 | D:1      | 0 ||| qw: Plans: Normal
     0 | D:1      | 0 ||| PLANNING D:1-11
    72 | D:1      | 72 ||| INVOKING Spit Poison.
    79 | D:1      | 79 ||| INVOKING Spit Poison.
   113 | D:1      | Reached skill level 4 in Ranged Weapons
   113 | D:1      | Reached XP level 2. HP: 26/26 MP: 2/2
   192 | D:1      | 192 ||| INVOKING Spit Poison.
   217 | D:1      | 217 ||| INVOKING Spit Poison.
   320 | D:1      | 320 ||| INVOKING Spit Poison.
   326 | D:1      | 326 ||| INVOKING Spit Poison.
   329 | D:1      | 329 ||| INVOKING Spit Poison.
   333 | D:1      | 333 ||| INVOKING Spit Poison.
   338 | D:1      | 338 ||| INVOKING Spit Poison.
   369 | D:1      | 369 ||| INVOKING Spit Poison.
   377 | D:1      | Reached XP level 3. HP: 32/32 MP: 3/3
   387 | D:1      | 387 ||| INVOKING Spit Poison.
   447 | D:1      | 447 ||| INVOKING Spit Poison.
   542 | D:1      | 542 ||| READING scroll labelled HAUPNI FUAWKA.
   543 | D:1      | 543 ||| READING 2 scrolls labelled LEEGHIPTEZ.
   544 | D:1      | 544 ||| READING 2 scrolls labelled PODETI FUMUISA.
   545 | D:1      | 545 ||| READING scroll labelled EGGERE TOAG.
   549 | D:1      | 549 ||| DRINKING 2 inky potions.
   550 | D:1      | 550 ||| DRINKING 2 viscous white potions.
   550 | D:1      | Gained mutation: You have a pair of small horns on your
                  | head. [potion of mutation]
   550 | D:1      | Gained mutation: You are dopey. (Int -2) [potion of
                  | mutation]
   551 | D:1      | 551 ||| DROPPING scroll of butterflies.
   552 | D:1      | 552 ||| DROPPING scroll of immolation.
   581 | D:2      | 581 ||| INVOKING Spit Poison.
   619 | D:2      | 619 ||| INVOKING Spit Poison.
   632 | D:2      | 632 ||| INVOKING Spit Poison.
   640 | D:2      | 640 ||| INVOKING Spit Poison.
   700 | D:2      | 700 ||| INVOKING Spit Poison.
   705 | D:2      | 705 ||| INVOKING Spit Poison.
   765 | D:2      | 765 ||| INVOKING Spit Poison.
   833 | D:2      | 833 ||| INVOKING Spit Poison.
   901 | D:2      | 901 ||| INVOKING Spit Poison.
   920 | D:2      | Found a faded altar of an unknown god.
   925 | D:2      | 925 ||| INVOKING Spit Poison.
   928 | D:2      | 928 ||| INVOKING Spit Poison.
   934 | D:2      | 934 ||| INVOKING Spit Poison.
   973 | D:2      | 973 ||| INVOKING Spit Poison.
   999 | D:2      | 999 ||| INVOKING Spit Poison.
  1032 | D:2      | 1032 ||| INVOKING Spit Poison.
  1155 | D:2      | 1155 ||| UPGRADING to +0 pair of gloves.
  1160 | D:2      | 1160 ||| READING 2 scrolls of identify.
  1160 | D:2      | 1160 ||| IDENTIFYING pink potion
  1168 | D:3      | 1168 ||| PLANNING SEWER
  1168 | D:3      | 1168 ||| INVOKING Spit Poison.
  1171 | D:3      | 1171 ||| STAIRDANCE
  1173 | D:2      | 1173 ||| INVOKING Spit Poison.
  1286 | D:3      | 1286 ||| INVOKING Spit Poison.
  1308 | D:3      | 1308 ||| INVOKING Spit Poison.
  1310 | D:3      | Reached skill level 5 in Ranged Weapons
  1310 | D:3      | Reached XP level 4. HP: 39/39 MP: 4/4
  1311 | D:3      | 1311 ||| INVOKING Spit Poison.
  1314 | D:3      | 1314 ||| INVOKING Spit Poison.
  1318 | D:3      | HP: 9/39 [gnoll/+0 club (2)]
  1319 | D:3      | 1319 ||| READING 2 scrolls of teleportation.
  1319 | D:3      | Slain by a gnoll

Levels and vault maps discovered:
D:1:      nzn_arrival_settlement, layout_basic
D:2:      layout_loops_cross, shapermc_ecumenical_altar_mp_ritualfount,
          minmay_lizard_king
D:3:      layout_basic, gup_sewer_entry_spiral, gammafunk_ghost_smash

Skill      XL: |  1  2  3 |
---------------+----------+-----
Ranged Weapons | 4 5 |  5.0
Fighting       | |  2.0
Dodging        | |  1.5
Stealth        | |  1.5

Action                     |  1- 3 |  4- 6 || total
---------------------------+-------+-------++-------
   Fire: Shortbow          |    66 |     7 ||    73
Ability: Spit Poison       |    31 |     2 ||    33
    Use: Scroll            |     5 |     1 ||     6
         Potion            |     2 |       ||     2
 Armour: Leather armour    |     5 |     3 ||     8
  Dodge: Dodged            |    13 |     9 ||    22

Table legend:
 A = Non-vault XP
 B = Vault XP
 C = Vault XP percentage of total XP
 D = Non-vault monster count
 E = Vault monster count
 F = Vault count percentage of total count
                 A         B        C        D         E       F
            +---------+---------+-------+---------+---------+-------
      Total |      78 |       9 |  10.3 |      36 |       9 |  20.0
            +---------+---------+-------+---------+---------+-------
        D:1 |      39 |       0 |   0.0 |      20 |       0 |   0.0
        D:2 |      22 |       9 |  29.0 |      13 |       9 |  40.9
        D:3 |      17 |       0 |   0.0 |       3 |       0 |   0.0
            +---------+---------+-------+---------+---------+-------
